 Dungeon Crawl Stone Soup version 0.31-a0-73-g838c19eb66 (webtiles) character file.

Game seed: 15411337708624414985

147 Colgate the Magician (level 5, -7/41 HPs)
             Began as a Meteoran Necromancer on May 23, 2023.
             Was an Initiate of Kikubaaqudgha.
             Mangled by a gnoll sergeant
             ... wielding a +1 spear of freezing
              (14 damage)
             ... on level 6 of the Dungeon.
             The game lasted 00:10:22 (583 turns).

Colgate the Magician (Meteoran Necromancer)          Turns: 583, Time: 00:10:22

Health: -7/41      AC:  2    Str:  9    XL:     5   Next: 85%
Magic:  5/13       EV: 12    Int: 19    God:    Kikubaaqudgha [......]
Gold:   76         SH:  5    Dex: 14    Spells: 6/14 levels left

rFire   . . .        q - +2 rapier (holy)
rCold   . . .        (no shield)
rNeg    . . .        a - +0 robe
rPois   .            (no helmet)
rElec   .            (no cloak)
rCorr   .            (no gloves)
SInv    .            (no boots)
Will    .....        c - amulet of reflection
Stlth   +            (no ring)
HPRegen 0.26/turn    (no ring)
MPRegen 0.13/turn

%: reflection
@: animating dead, glowing
A: sense surroundings 1, otherworldly, glowing, explore regen
a: Renounce Religion


You were on level 6 of the Dungeon.
You worshipped Kikubaaqudgha.
Kikubaaqudgha was noncommittal.
You visited 2 branches of the dungeon, and saw 7 of its levels.

You collected 76 gold pieces.

Inventory:

Hand Weapons
 e - a +0 dagger
 i - a +0 whip
 j - a +0 flail
 q - a +2 rapier of holy wrath (weapon)
Armour
 a - a +0 robe (worn)
 p - a +0 ring mail
Magical Staves
 l - a staff of poison
Jewellery
 c - an amulet of reflection (around neck)
Scrolls
 f - a scroll of teleportation {@r3}
 k - a scroll of immolation {unknown}
 m - a scroll of identify {unknown}
 n - a scroll of noise {unknown}
 o - a scroll of enchant weapon {unknown}
Potions
 b - 2 potions of magic
 d - 3 potions of attraction {unknown}
 g - a potion of curing {unknown}
 h - 2 potions of enlightenment {unknown}


   Skills:
 + Level 2.2 Fighting
 - Level 2.4 Dodging
 - Level 1.4 Stealth
 - Level 5.1 Spellcasting
 - Level 5.1 Necromancy


You had 6 spell levels left.
You knew the following spells:

 Your Spells              Type           Power      Damage    Failure   Level
a - Necrotise             Necr           96%        1d8       1%          1
b - Vampiric Draining     Necr           24%        2d7       4%          3
c - Animate Dead          Necr           24%        N/A       14%         4

Your spell library contained the following spells:

 Spells                   Type           Power      Damage    Failure   Level
 Call Canine Familiar     Summ           4%         N/A       36%         3
 Agony                    Necr           24%        N/A       38%         5
 Portal Projectile        Hex/Tloc       4%         N/A       43%         3
 Leda's Liquefaction      Hex/Erth       1%         N/A       85%         4


Dungeon Overview and Level Annotations

Branches:
Dungeon (6/15) Zot: 3053   Temple (1/1) D:5 Zot: 563

Altars:
Hepliaklqana
Kikubaaqudgha
Nemelex Xobeh
Okawaru
Trog

Annotations:
D:2 Robin


Innate Abilities, Weirdness & Mutations

You passively map a small area around you.
You are easily found by Zot.
You glow in the dark.
You regain HP and MP as you explore.


Message History

Casting: Animate Dead (quite dangerous; 14% risk of failure)
Aiming: Necrotise (safe; 1% risk of failure)
Aim: a gnoll, wielding a +0 halberd (severely wounded, chance to affect: 88%)
The gnoll barely resists.
Casting: Necrotise (safe; 1% risk of failure)
Aiming: Necrotise (safe; 1% risk of failure)
Aim: a gnoll, wielding a +0 halberd (severely wounded, chance to affect: 88%)
The gnoll writhes in agony.
Casting: Necrotise (safe; 1% risk of failure)
Aiming: Necrotise (safe; 1% risk of failure)
Aim: a gnoll, wielding a +0 halberd (severely wounded, chance to affect: 88%)
The gnoll writhes in agony.
You kill the gnoll!
Kikubaaqudgha accepts your kill.
The dead are walking!
Your gnoll zombie hits the gnoll.
The gnoll hits your gnoll zombie with a +0 flail.
The gnoll hits your gnoll zombie with a +0 flail!
Your gnoll zombie hits the gnoll.
The gnoll hits your gnoll zombie with a +0 flail!
Your gnoll zombie is destroyed!
Casting: Necrotise (safe; 1% risk of failure)
Aiming: Necrotise (safe; 1% risk of failure)
Aim: a gnoll sergeant, wielding a +1 spear of freezing and wearing a +0 ring mail (chance to affect: 83%)
The gnoll sergeant writhes in agony.
Casting: Necrotise (safe; 1% risk of failure)
Aiming: Necrotise (safe; 1% risk of failure)
Aim: a gnoll sergeant, wielding a +1 spear of freezing and wearing a +0 ring mail (lightly wounded, chance to affect: 83%)
The gnoll sergeant writhes in agony.
The gnoll sergeant hits you from afar with a +1 spear of freezing!
The gnoll sergeant freezes you.
The gnoll hits you from afar with a +0 spear!
The gnoll sergeant misses you.
You hit the gnoll sergeant but do no damage.
The gnoll hits you from afar with a +0 spear.
The gnoll hits you with a +0 flail!
* * * LOW HITPOINT WARNING * * *
The gnoll sergeant hits you with a +1 spear of freezing!
You die...
Kikubaaqudgha rasps: "You have failed me!
Welcome... death!"

, , ** , * ** , +, , ,
# ,, , .####. , ,, , ,
......################
....>.'..............#
,,#......g@......# ,
#..)..gg.......# , ,
######..#####..# * ,
###..## * ## ,
....#.....#
#....#.....# ,,
,,#....#.....# , ,
+....+.....#
#######....####'#######


You could see a gnoll sergeant and 2 gnolls.

Vanquished Creatures
  A howler monkey (D:6)
  A hound (D:6)
  A gnoll (D:6)
  4 adders
  A white imp (D:5)
  An orc (D:4)
  3 endoplasms
  2 giant cockroaches
  7 goblins
  2 hobgoblins (D:4)
  A bat (D:3)
  A frilled lizard (D:1)
  A kobold (D:4)
26 creatures vanquished.

Vanquished Creatures (collateral kills)
  A dart slug (D:4)
1 creature vanquished.

Vanquished Creatures (others)
  A hound zombie (D:6)
  An adder zombie (D:6)
  A gnoll zombie (D:6)
3 creatures vanquished.

Grand Total: 30 creatures vanquished

Notes
Turn   | Place    | Note
-------+----------+-------------------------------------------
     0 | D:1      | Colgate the Meteoran Necromancer began the quest for the
                  | Orb.
     0 | D:1      | Reached XP level 1. HP: 14/14 MP: 5/5
    52 | D:2      | Noticed Robin
    74 | D:2      | Reached XP level 2. HP: 13/20 MP: 0/7
   141 | D:3      | You fall into a shaft and drop 1 floor!
   144 | D:4      | Found an iron altar of Okawaru.
   151 | D:4      | Reached XP level 3. HP: 26/26 MP: 4/9
   234 | D:4      | Reached XP level 4. HP: 33/33 MP: 7/11
   240 | D:4      | Learned a level 3 spell: Vampiric Draining
   245 | D:4      | Learned a level 4 spell: Animate Dead
   276 | D:5      | Entered Level 5 of the Dungeon
   282 | D:5      | Reached skill level 5 in Spellcasting
   285 | D:5      | Found a staircase to the Ecumenical Temple.
   297 | Temple   | Entered the Ecumenical Temple
   315 | Temple   | Became a worshipper of Kikubaaqudgha
   377 | D:5      | Noticed a water moccasin
   378 | D:5      | Noticed a black bear
   378 | D:5      | Noticed a scorpion
   496 | D:6      | Reached skill level 5 in Necromancy
   496 | D:6      | Reached XP level 5. HP: 38/38 MP: 10/13
   518 | D:6      | Reached skill level 1 in Fighting
   563 | D:6      | Noticed a gnoll sergeant
   583 | D:6      | Mangled by a gnoll sergeant

Illustrated notes

Levels and vault maps discovered:
D:1:      amcnicky_arrival_abandoned_market, layout_loops_cross,
          shapermc_ecumenical_altar_mp_urbaneastern
D:2:      layout_loops_cross, uniq_crazy_yiuf_cottage, uniq_robin, uniq_terence,
          uniq_jessica
D:3:      layout_rooms, minivault_26
D:4:      layout_rooms, okawaru_gym_becter
D:5:      layout_loops_ring, minmay_temple_entry_crystal_x
D:6:      layout_gridville, gup_sewer_entry_glass
Temple:   jpeg_temple_clearing

Skill      XL: |  1  2  3  4  5 |
---------------+----------------+-----
Spellcasting   | 3 4 5 |  5.1
Necromancy     | 5 |  5.1
Fighting       | 2 |  2.2
Dodging        | |  2.4
Stealth        | |  1.4

Action                     |  1- 3 |  4- 6 || total
---------------------------+-------+-------++-------
  Melee: Unarmed           |     4 |       ||     4
         Flail             |       |     5 ||     5
         Rapier            |       |     1 ||     1
   Cast: Necrotise         |    32 |    20 ||    52
         Animate Dead      |       |     3 ||     3
         Vampiric Draining |       |     2 ||     2
    Use: Scroll            |       |     1 ||     1
 Armour: Robe              |     1 |     1 ||     2
  Dodge: Dodged            |     8 |     4 ||    12
  Block: Other             |     1 |     1 ||     2

Table legend: (Time is in decaauts)
 A = Elapsed time spent in this place.
 B = Non-inter-level travel time spent in this place.
 C = Inter-level travel time spent in this place.
 D = Time resting spent in this place.
 E = Time spent auto-exploring this place.
 F = Levels seen in this place.
 G = Mean time per level.
                   A        B        C        D        E       F      G
               +--------+--------+--------+--------+--------+-----+--------+
         Total |    581 |    581 |      0 |      0 |      7 |   7 |   83.0 |
       Dungeon |    545 |    545 |      0 |      0 |      0 |   6 |   90.8 |
        Temple |     36 |     36 |      0 |      0 |      7 |   1 |   36.0 |
               +--------+--------+--------+--------+--------+-----+--------+

Top non-repeatable levels by time:
     D:5: 143 daAuts
     D:6: 128 daAuts
     D:4: 99 daAuts
     D:2: 77 daAuts
     D:1: 57 daAuts
     D:3: 39 daAuts
  Temple: 36 daAuts
